[Event "January 2 Late 2024"]
[Site "https://www.chess.com"]
[Date "2024.01.02"]
[Round "9"]
[White "Weisz, Bryan"]
[Black "Spata, German"]
[Result "0-1"]
[Board "50"]
[TimeControl "180+1"]
[WhiteFideId "30934133"]
[BlackFideId "113026"]
[WhiteElo "2535"]
[BlackElo "2652"]
[WhiteTeam "USA"]
[BlackTeam "ARG"]
[WhiteClock "0:00:06"]
[BlackClock "0:00:08"]

1. e4 g6 2. d4 Bg7 3. Be3 d6 4. c4 c5 5. Nc3 Qa5 6. Ne2 cxd4 7. Bxd4 Nf6 8. Nc1 Nc6 9. Nb3 Qc7 10. Nd5 Qd8 11. Nxf6+ exf6 12. Be3 f5 13. Qc2 O-O 14. O-O-O Qf6 15. Nd4 fxe4 16. Nxc6 bxc6 17. Bd4 Qg5+ 18. Be3 Qe7 19. h3 Rb8 20. b3 a5 21. Bf4 Be5 22. Bd2 a4 23. g4 axb3 24. axb3 Ra8 25. Bc3 Qf6 26. Bxe5 Qxe5 27. Kd2 d5 28. Bg2 Be6 29. Rhe1 Qf4+ 30. Ke2 Ra3 31. Kf1 Rfa8 32. cxd5 cxd5 33. Qc3 Ra2 34. Qd4 Rb8 35. b4 Rc2 36. Re2 Rc4 37. Qe3 Qxe3 38. fxe3 Rcxb4 39. Rc2 Rb1 40. Ke2 Rxd1 41. Kxd1 Rb7 42. Ke2 Kf8 43. Ra2 Ke7 44. Ra8 Kd6 45. Rh8 f6 46. Kf2 Ke5 47. Re8 f5 48. gxf5 gxf5 49. Rf8 Rg7 50. Rd8 Rf7 51. Ra8 f4 52. exf4+ Rxf4+ 53. Ke2 Rf7 54. Ra4 Re7 55. Ke3 Rg7 56. Bf1 Rg3+ 57. Kf2 Rf3+ 58. Ke2 Bxh3 59. Bxh3 Rxh3 60. Ra8 Rh2+ 61. Ke3 d4# 0-1

[Event "January 2 Late 2024"]
[Site "https://www.chess.com"]
[Date "2024.01.02"]
[Round "9"]
[White "Play, Gilles"]
[Black "Janaszak, Dawid"]
[Result "0-1"]
[Board "51"]
[TimeControl "180+1"]
[WhiteFideId "45130892"]
[BlackFideId "1119206"]
[WhiteElo "2523"]
[BlackElo "2632"]
[WhiteTeam "FRA"]
[BlackTeam "POL"]
[WhiteClock "0:00:02"]
[BlackClock "0:00:54"]

1. e4 c5 2. c3 e5 3. Nf3 Nc6 4. Bc4 Nf6 5. Ng5 d5 6. exd5 Na5 7. Bb5+ Bd7 8. Qa4 Bd6 9. Bxd7+ Nxd7 10. Ne6 fxe6 11. dxe6 Nc6 12. exd7+ Qxd7 13. O-O O-O 14. d3 Kh8 15. Nd2 Bc7 16. Ne4 b6 17. Be3 Rad8 18. b4 cxb4 19. cxb4 Nd4 20. Qxd7 Rxd7 21. Ng5 Bd8 22. Bxd4 Bxg5 23. Bxe5 Rxd3 24. Rad1 Rfd8 25. Rxd3 Rxd3 26. a4 Kg8 27. b5 Kf7 28. Bb8 Rd7 29. f4 Be7 30. Rc1 Bc5+ 31. Kh1 Rd4 32. a5 bxa5 33. g3 Bb6 34. Bxa7 Rd6 35. Rc6 Rxc6 36. bxc6 Bc7 37. Bc5 Ke6 38. Kg2 Kd5 39. Bf8 g6 40. Kf3 Kxc6 41. Ke4 Bd6 42. Bg7 a4 43. f5 gxf5+ 44. Kxf5 Kd5 45. Kg5 Bc5 46. Kh6 Bd4 47. Bf8 Bc5 48. Bg7 a3 49. Kxh7 a2 50. g4 Bd4 51. Bxd4 Kxd4 52. g5 a1=Q 53. g6 Qb1 54. Kh6 Qc1+ 55. Kh7 Qc2 56. h4 Qf5 57. Kh6 Qf6 58. h5 Ke5 59. Kh7 Qf5 60. h6 Kf6 61. Kh8 Kxg6 62. Kg8 Qf7+ 0-1

[Event "January 2 Late 2024"]
[Site "https://www.chess.com"]
[Date "2024.01.02"]
[Round "9"]
[White "Golubev, Mikhail"]
[Black "Osmak, Yuliia"]
[Result "1-0"]
[Board "52"]
[TimeControl "180+1"]
[WhiteFideId "14100983"]
[BlackFideId "14101602"]
[WhiteElo "2629"]
[BlackElo "2523"]
[WhiteTeam "UKR"]
[BlackTeam "UKR"]
[WhiteClock "0:00:09"]
[BlackClock "0:00:17"]

1. e4 c5 2. Nf3 Nc6 3. Nc3 e5 4. Bc4 d6 5. d3 Be6 6. Nd2 Be7 7. Nf1 Nf6 8. Ne3 O-O 9. O-O Nd4 10. Ned5 Nxd5 11. Bxd5 Qd7 12. f4 Bg4 13. Qd2 exf4 14. Qf2 g5 15. h4 h6 16. hxg5 hxg5 17. Bxf4 gxf4 18. Qxf4 Ne2+ 19. Nxe2 Bxe2 20. Qh6 Qg4 21. Rf2 Bg5 22. Qg6+ Kh8 23. Bxf7 Be3 24. Qf6+ Qg7 25. Qh4+ Qh7 26. Qf6+ Qg7 27. Qh4+ Qh6 28. Qxh6+ Bxh6 29. Rxe2 Rxf7 30. Rf1 Raf8 31. Rxf7 Rxf7 32. g3 Kg7 33. Kg2 Kf6 34. Re1 Ke6 35. Rh1 Bg7 36. c3 b5 37. a3 a5 38. Rh5 Be5 39. Rh6+ Rf6 40. Rh7 Rh6 41. Rxh6+ 1-0

[Event "January 2 Late 2024"]
[Site "https://www.chess.com"]
[Date "2024.01.02"]
[Round "9"]
[White "Sztokbant, Bernardo Vainzoff"]
[Black "Brown_Mamba24"]
[Result "1-0"]
[Board "53"]
[TimeControl "180+1"]
[WhiteFideId "2115956"]
[WhiteElo "2494"]
[BlackElo "2628"]
[WhiteTeam "BRA"]
[WhiteClock "0:00:15"]
[BlackClock "0:00:21"]

1. d4 Nf6 2. Nc3 e6 3. Nf3 Bb4 4. Bd2 O-O 5. g3 c5 6. dxc5 Bxc5 7. Bg2 d5 8. O-O Nc6 9. Bg5 h6 10. Bxf6 Qxf6 11. e4 d4 12. Ne2 e5 13. Ne1 Bg4 14. Nd3 Bb6 15. f3 Be6 16. f4 Bg4 17. Qd2 exf4 18. gxf4 Qh4 19. Ng3 f5 20. e5 Rad8 21. Qf2 g5 22. Kh1 Rf7 23. Rae1 Re7 24. fxg5 Rf8 25. gxh6 Qxh6 26. e6 Rh7 27. Bxc6 bxc6 28. e7 Re8 29. Rg1 Kh8 30. Nf1 c5 31. Nf4 Rexe7 32. Rxe7 Rxe7 33. Ng3 Qc6+ 34. Rg2 Bf3 35. Nxf5 Bxg2+ 36. Nxg2 Rf7 37. Qh4+ Kg8 38. Ne7+ Rxe7 39. Qxe7 Qf3 40. Qe8+ Kg7 41. Qe7+ Kg6 42. Qe6+ Kg7 43. Qe7+ Qf7 44. Qg5+ Kf8 45. Nf4 Ke8 46. Qe5+ Kd7 47. Qd5+ Qxd5+ 48. Nxd5 Kd6 49. Nxb6 axb6 50. Kg2 Ke5 51. Kf3 b5 52. h3 Kf5 53. h4 c4 54. h5 b4 55. h6 Kg6 56. Ke4 b3 57. axb3 cxb3 58. cxb3 Kxh6 59. Kxd4 Kg7 60. Kd5 Kf8 61. Kc6 Ke8 62. Kc7 Ke7 63. b4 Ke6 64. b5 Kd5 65. b6 Kc4 66. b7 Kb3 67. b8=Q+ Ka2 68. b4 Kb1 69. b5 Kc2 70. b6 Kc3 71. b7 Kd4 72. Qc8 Kc4 73. Qd7 Kb4 74. Qc6 Ka3 75. Qb6 Ka2 76. b8=Q Ka1 77. Qa8# 1-0

[Event "January 2 Late 2024"]
[Site "https://www.chess.com"]
[Date "2024.01.02"]
[Round "9"]
[White "Poltorak, Sebastian"]
[Black "uzkuzk"]
[Result "0-1"]
[Board "54"]
[TimeControl "180+1"]
[WhiteFideId "1199498"]
[WhiteElo "2624"]
[BlackElo "2478"]
[WhiteTeam "POL"]
[WhiteClock "0:00:13"]
[BlackClock "0:01:31"]

1. e4 e5 2. Nc3 f5 3. d4 exd4 4. Qxd4 Nc6 5. Qc4 fxe4 6. Qxe4+ Be7 7. Bc4 Nf6 8. Qh4 d5 9. Nxd5 Ne5 10. Nxf6+ Bxf6 11. Qe4 Qe7 12. Be3 Qb4+ 13. c3 Qxc4 14. Qxc4 Nxc4 15. O-O-O Nxe3 16. Re1 O-O 17. fxe3 Bg4 18. h3 Bh4 0-1

[Event "January 2 Late 2024"]
[Site "https://www.chess.com"]
[Date "2024.01.02"]
[Round "9"]
[White "Ghosh, Chanchal Kumer"]
[Black "Coca Cubillos, Jesus Alberto"]
[Result "0-1"]
[Board "55"]
[TimeControl "180+1"]
[WhiteFideId "10201858"]
[BlackFideId "4462912"]
[WhiteElo "2165"]
[BlackElo "2623"]
[WhiteTeam "BAN"]
[BlackTeam "COL"]
[WhiteClock "0:00:07"]
[BlackClock "0:01:40"]

1. e4 g6 2. Nf3 Bg7 3. d4 d6 4. Bd3 Nc6 5. c3 Bg4 6. h3 Bxf3 7. Qxf3 e5 8. d5 Nce7 9. O-O a6 10. c4 Qd7 11. Nc3 f5 12. b4 Nf6 13. a4 O-O 14. Be3 f4 15. Bd2 g5 16. c5 h5 17. b5 g4 18. hxg4 hxg4 19. Qd1 Ng6 20. cxd6 cxd6 21. bxa6 bxa6 22. Rb1 g3 23. fxg3 Qa7+ 24. Kh1 Kf7 25. Rb7+ Qxb7 26. gxf4 Rh8+ 27. Kg1 Qb6+ 28. Rf2 Nxf4 29. Bxf4 exf4 30. e5 dxe5 31. Ne4 Nxe4 32. Bxe4 Bf6 33. d6 Bh4 34. Qd5+ Kf6 0-1

[Event "January 2 Late 2024"]
[Site "https://www.chess.com"]
[Date "2024.01.02"]
[Round "9"]
[White "Matta, Nicholas"]
[Black "Bachmann, Axel"]
[Result "0-1"]
[Board "56"]
[TimeControl "180+1"]
[WhiteFideId "30914523"]
[BlackFideId "3700488"]
[WhiteElo "2556"]
[BlackElo "2806"]
[WhiteTeam "USA"]
[BlackTeam "PAR"]
[WhiteClock "0:00:06"]
[BlackClock "0:00:35"]

1. Nf3 Nf6 2. g3 b6 3. Bg2 Bb7 4. O-O g6 5. d4 Bg7 6. c4 e6 7. Nc3 Ne4 8. Nxe4 Bxe4 9. Bg5 Qc8 10. Qd2 Qb7 11. Rfd1 h6 12. Bf4 d6 13. d5 e5 14. Be3 f5 15. Nh4 Bxg2 16. Nxg6 Bh3 17. Nxh8 Bxh8 18. Bxh6 f4 19. Bxf4 exf4 20. Qxf4 Qc8 21. Qh6 Kf7 22. Qh5+ Kg8 23. Rd3 Qf5 24. Qe8+ Qf8 25. Qg6+ Qg7 26. Qe8+ Kh7 27. Re3 Bd7 28. Qh5+ Qh6 29. Re7+ Bg7 30. Qf3 Qg5 31. Qf7 Bh3 32. Rxc7 Na6 33. Rxa7 Rxa7 34. Qxa7 Nc5 35. Qxb6 Qe5 36. Re1 Qe4 37. f3 Qe3+ 38. Kh1 Qf2 39. Rg1 Bd4 40. Qc7+ Nd7 0-1

[Event "January 2 Late 2024"]
[Site "https://www.chess.com"]
[Date "2024.01.02"]
[Round "9"]
[White "Pinero Rodriguez, Carlos Jose"]
[Black "Klukin, Kirill"]
[Result "0-1"]
[Board "57"]
[TimeControl "180+1"]
[WhiteFideId "3901726"]
[BlackFideId "24199273"]
[WhiteElo "2549"]
[BlackElo "2804"]
[WhiteTeam "VEN"]
[BlackTeam "RUS"]
[WhiteClock "0:00:09"]
[BlackClock "0:00:25"]

1. e4 c5 2. Nf3 g6 3. c3 Bg7 4. d4 cxd4 5. cxd4 d5 6. e5 a6 7. h3 Nc6 8. Nc3 f6 9. Bf4 fxe5 10. dxe5 e6 11. Bd3 Nge7 12. O-O O-O 13. g3 Bd7 14. Qd2 Rc8 15. Rac1 b5 16. Ne2 Nf5 17. Bxf5 Rxf5 18. Qe3 Bf8 19. Ned4 Nxd4 20. Nxd4 Rf7 21. Rxc8 Bxc8 22. Rc1 Rc7 23. Rxc7 Qxc7 24. Qc1 Qc4 25. Be3 Bc5 26. Qd2 Qxa2 27. Nf5 Qb1+ 28. Kh2 Bxe3 29. Nxe3 Bb7 30. Ng2 Qe4 31. Nf4 d4 32. g4 g5 0-1

[Event "January 2 Late 2024"]
[Site "https://www.chess.com"]
[Date "2024.01.02"]
[Round "9"]
[White "Rama, Tejas"]
[Black "Chirilov, James A"]
[Result "1-0"]
[Board "58"]
[TimeControl "180+1"]
[WhiteFideId "30907381"]
[BlackFideId "30976677"]
[WhiteElo "2560"]
[BlackElo "2773"]
[WhiteTeam "USA"]
[BlackTeam "USA"]
[WhiteClock "0:00:20"]
[BlackClock "0:00:00"]

1. d4 Nf6 2. c4 g6 3. Nf3 Bg7 4. Nc3 O-O 5. e4 d6 6. Be2 e5 7. Be3 Ng4 8. Bg5 f6 9. Bc1 Nd7 10. O-O Nh6 11. d5 Nf7 12. b4 f5 13. Nd2 a5 14. bxa5 Rxa5 15. Nb3 Ra8 16. a4 Nf6 17. exf5 gxf5 18. c5 Kh8 19. a5 Rg8 20. cxd6 Nxd6 21. Nc5 Qe8 22. Qb3 Qg6 23. Re1 f4 24. Ra4 Bh6 25. Bf3 Bg4 26. N3e4 Nf5 27. Nxf6 Qxf6 28. Bb2 Rae8 29. Nd7 Bxf3 30. Nxf6 Rxg2+ 31. Kf1 Nh4 32. Nxe8 Rxh2 33. Bxe5+ Bg7 34. Bxg7+ Kg8 35. d6+ 1-0

[Event "January 2 Late 2024"]
[Site "https://www.chess.com"]
[Date "2024.01.02"]
[Round "9"]
[White "Carlsson, Ludvig"]
[Black "Ismayil, Malak"]
[Result "1/2-1/2"]
[Board "59"]
[TimeControl "180+1"]
[WhiteFideId "1727010"]
[BlackFideId "13412604"]
[WhiteElo "2698"]
[BlackElo "2531"]
[WhiteTeam "SWE"]
[BlackTeam "AZE"]
[WhiteClock "0:00:09"]
[BlackClock "0:00:06"]

1. e4 e5 2. Nf3 Nc6 3. Nc3 Nf6 4. d4 exd4 5. Nxd4 Nxd4 6. Qxd4 d6 7. Bc4 Be7 8. O-O O-O 9. Re1 Nd7 10. Nd5 Nb6 11. Nxe7+ Qxe7 12. Bd3 f6 13. b3 Be6 14. c4 Nd7 15. Bb2 Nc5 16. Bf1 a5 17. Rad1 Rad8 18. Qc3 b6 19. Re3 Rfe8 20. Kh1 Bg4 21. Rde1 Bh5 22. Qd4 Bg6 23. f3 Ne6 24. Qd5 Qf7 25. Rd3 Nf4 26. Qxf7+ Bxf7 27. Rdd1 Re7 28. Kg1 Rde8 29. Kf2 Ne6 30. Bc3 Nc5 31. Rc1 Bg6 32. h4 h5 33. Rcd1 Bf7 34. Kg3 Kh7 35. Kf2 Bg6 36. Re2 Kg8 37. Red2 Bxe4 38. Re1 Bg6 39. Rxe7 Rxe7 40. g3 Bf7 41. Bd4 Ne6 42. Bb2 Nc5 43. Bd4 Na6 44. Bh3 Be6 45. Bg2 Nc5 46. Bf1 Bf5 47. Be2 Kf7 48. Bf1 Bd7 49. Be3 Bc6 50. Bd4 Ne6 51. Bc3 Nc5 52. Be2 Bd7 53. Bd1 Bf5 54. Be2 Bb1 55. a3 Nxb3 56. Rb2 Nc1 57. Bf1 Nd3+ 58. Bxd3 Bxd3 59. g4 hxg4 60. fxg4 Bxc4 61. Rd2 d5 62. Rb2 Re6 63. g5 fxg5 64. hxg5 Kg6 65. Kf3 c5 66. Bd2 d4 67. Bf4 Bd5+ 68. Kf2 c4 69. Rb5 Be4 70. Re5 Rxe5 71. Bxe5 d3 72. Ke3 Bd5 73. Bc3 Kxg5 74. Bxg7 b5 75. Bc3 a4 76. Kd2 Kf4 77. Bb4 Ke4 78. Bc3 Be6 79. Bb4 Kd5 80. Kc3 Bg4 81. Be7 Ke4 82. Kd2 Kf3 83. Bb4 Be6 84. Bc3 Bd5 85. Bb4 Kf4 86. Bc3 Ke4 87. Bb4 Kd4 88. Bc3+ Kc5 89. Ke3 Bf7 90. Bb4+ Kd5 91. Kd2 Ke4 92. Bc3 Be8 93. Bb4 Kd4 94. Bc3+ Kc5 95. Ke3 Kd5 96. Bb4 Bh5 97. Bc3 Bd1 98. Kd2 Bb3 99. Bb4 Ke4 100. Bc3 Kf3 101. Bb4 Bc2 102. Bc3 Bb1 103. Bb4 Ba2 104. Bc3 Ke4 105. Bb4 Kd5 106. Kc1 Kd4 107. Kd2 Kd5 108. Bc3 Bb3 109. Ke3 Bc2 110. Kd2 Ke4 111. Bb4 Kd4 112. Bc3+ Kc5 113. Ba5 Kc6 114. Bb4 Kd5 115. Bc3 Bb3 1/2-1/2

[Event "January 2 Late 2024"]
[Site "https://www.chess.com"]
[Date "2024.01.02"]
[Round "9"]
[White "Han, Yichen"]
[Black "Gasparyan, David"]
[Result "0-1"]
[Board "60"]
[TimeControl "180+1"]
[WhiteFideId "1054430"]
[BlackFideId "13311980"]
[WhiteElo "2692"]
[BlackElo "2536"]
[WhiteTeam "NED"]
[BlackTeam "USA"]
[WhiteClock "0:00:03"]
[BlackClock "0:00:08"]

1. d4 Nf6 2. c4 g6 3. Nc3 d5 4. cxd5 Nxd5 5. Bd2 Bg7 6. e4 Nb6 7. Be3 O-O 8. Be2 Nc6 9. Nf3 Bg4 10. d5 Bxf3 11. gxf3 Ne5 12. Qb3 a5 13. f4 a4 14. Qb4 Ned7 15. Bd4 c5 16. dxc6 bxc6 17. Bxg7 Kxg7 18. Qd4+ Nf6 19. Qc5 Qc7 20. e5 Nfd7 21. Qe3 Ra5 22. Rd1 Nc5 23. h4 Ne6 24. h5 g5 25. Rg1 Kh8 26. fxg5 Rxe5 27. Qf3 Nxg5 28. Qg3 Ne6 29. Kf1 Rg5 30. Qxc7 Rxg1+ 31. Kxg1 Nxc7 32. Ne4 Ne6 33. Rc1 Nd4 34. Bd3 Rg8+ 35. Kf1 Rg4 36. Ng3 Rf4 37. Rc5 Rf6 38. Ne4 Rf5 39. Rc1 Rxh5 40. Ng3 Re5 41. Kg2 Nd5 42. Be4 Nf4+ 43. Kf1 c5 44. Rc4 a3 45. bxa3 f5 46. Bb1 Ng6 47. a4 f4 48. Ne4 f3 49. Rxc5 Rxc5 50. Nxc5 Ne5 51. a5 Nc4 52. a6 Nc6 53. Ke1 Nd6 54. Bd3 e5 55. Ne4 Nf5 56. Nc5 Nfd4 57. Be4 Kg7 58. Nd3 h5 59. Kd2 h4 60. Ke3 h3 61. Bxf3 Nxf3 62. Kxf3 e4+ 63. Kxe4 h2 64. Kd5 h1=Q+ 65. Kc5 Nb8 66. a7 Qa8 67. Kb6 Nd7+ 68. Ka6 Qc8+ 69. Kb5 Qb7+ 70. Kc4 Qxa7 71. Kd5 Qxa2+ 72. Kd4 Qd2 73. Ke4 Nf6+ 74. Kd4 Qe2 75. f4 Qe4+ 76. Kc3 Nd5+ 77. Kc2 Nb4+ 0-1

[Event "January 2 Late 2024"]
[Site "https://www.chess.com"]
[Date "2024.01.02"]
[Round "9"]
[White "Jakubowski, Krzysztof"]
[Black "N_Mullodzhanov"]
[Result "1-0"]
[Board "61"]
[TimeControl "180+1"]
[WhiteFideId "1112848"]
[WhiteElo "2657"]
[BlackElo "2521"]
[WhiteTeam "POL"]
[WhiteClock "0:01:27"]
[BlackClock "0:00:56"]

1. e4 c6 2. Nf3 d5 3. d3 dxe4 4. dxe4 Qxd1+ 5. Kxd1 Nf6 6. Nfd2 h5 7. a4 g5 8. Nc3 Bg7 9. Nc4 Ng4 10. Ke1 Bxc3+ 11. bxc3 Rg8 12. Rb1 Nd7 13. h4 gxh4 14. Rxh4 Ndf6 15. f3 b5 16. axb5 cxb5 17. Rxb5 Ba6 18. Ra5 Bxc4 19. Bxc4 Nxe4 20. fxe4 Rc8 21. Bb5+ Kd8 22. c4 Ne5 23. Rxh5 f6 24. Rxa7 Rc5 25. Be3 Nd3+ 26. cxd3 Rxh5 27. Bb6+ Kc8 28. Ra8+ Kb7 29. Rxg8 Rh1+ 30. Kd2 Kxb6 31. Re8 e5 32. Re6+ Kb7 33. Rxf6 Rh2 34. Rg6 Rh7 35. Kc3 Rd7 36. c5 Rc7 37. Kc4 Ka7 38. g4 Kb7 39. g5 Rf7 40. Rf6 Rg7 41. g6 Kc7 42. Rf7+ Rxf7 43. gxf7 Kb7 44. f8=Q Ka7 45. Qe7+ Kb8 46. c6 Ka8 47. Qb7# 1-0

[Event "January 2 Late 2024"]
[Site "https://www.chess.com"]
[Date "2024.01.02"]
[Round "9"]
[White "CamillaEffect"]
[Black "Suvorov, Alexander"]
[Result "0-1"]
[Board "62"]
[TimeControl "180+1"]
[BlackFideId "12977063"]
[WhiteElo "2646"]
[BlackElo "2515"]
[BlackTeam "GER"]
[WhiteClock "0:00:17"]
[BlackClock "0:00:25"]

1. e4 d6 2. d4 Nf6 3. Nc3 Nbd7 4. f4 e5 5. Nf3 exd4 6. Qxd4 c6 7. Bc4 d5 8. exd5 Bc5 9. Qd3 O-O 10. Bd2 Re8+ 11. Kf1 b5 12. Bb3 b4 13. Na4 cxd5 14. Re1 a5 15. Rxe8+ Qxe8 16. Nxc5 Nxc5 17. Qe3 Ba6+ 18. Ke1 Nce4 19. Ne5 Qb5 20. c4 bxc3 21. Bxc3 a4 22. Bc2 a3 23. Bd3 axb2 24. Bxb5 b1=Q+ 25. Ke2 Bxb5+ 26. Kf3 0-1

[Event "January 2 Late 2024"]
[Site "https://www.chess.com"]
[Date "2024.01.02"]
[Round "9"]
[White "Shuvalov, Evgenij"]
[Black "Bjelobrk, Igor"]
[Result "1-0"]
[Board "63"]
[TimeControl "180+1"]
[WhiteFideId "4187237"]
[BlackFideId "4300726"]
[WhiteElo "2511"]
[BlackElo "2645"]
[WhiteTeam "FID"]
[BlackTeam "AUS"]
[WhiteClock "0:00:32"]
[BlackClock "0:00:00"]

1. d4 e6 2. e4 d5 3. Nc3 Bb4 4. e5 b6 5. Qg4 Bf8 6. Nf3 Ne7 7. Bg5 Ba6 8. Nb5 Qd7 9. Bxe7 Qxe7 10. c3 Qd7 11. a4 Bb7 12. Bd3 Nc6 13. h4 Na5 14. h5 a6 15. Na3 Qxa4 16. O-O Qd7 17. b4 Nc6 18. Nc2 h6 19. Ra2 b5 20. Rfa1 Rb8 21. Ne3 Ne7 22. Nh4 Bc8 23. f4 Qc6 24. Ra3 Rg8 25. Qf3 g6 26. Ng4 Kd8 27. Nf6 Rg7 28. g4 g5 29. fxg5 Rxg5 30. Qf4 Rg7 31. Kh2 Qb6 32. Qxh6 Bd7 33. Rxa6 Qb7 34. Ra7 Qc8 35. Nf3 Nc6 36. R7a2 Qb7 37. Qh8 Ke7 38. h6 1-0

[Event "January 2 Late 2024"]
[Site "https://www.chess.com"]
[Date "2024.01.02"]
[Round "9"]
[White "Tifferet, Shakked"]
[Black "Khatoev, Eduard"]
[Result "0-1"]
[Board "64"]
[TimeControl "180+1"]
[WhiteFideId "2811529"]
[BlackFideId "24145076"]
[WhiteElo "2510"]
[BlackElo "2641"]
[WhiteTeam "ISR"]
[BlackTeam "RUS"]
[WhiteClock "0:00:01"]
[BlackClock "0:00:27"]

1. e4 c6 2. Nc3 d5 3. Nf3 dxe4 4. Nxe4 Bf5 5. Ng3 Bg6 6. Bc4 Nd7 7. O-O e6 8. d4 Ngf6 9. Re1 Bd6 10. Qe2 Nb6 11. Bb3 Bxg3 12. hxg3 a5 13. a3 Be4 14. Ng5 Bf5 15. f3 h6 16. g4 Bg6 17. Nxe6 fxe6 18. Qxe6+ Kf8 19. Bf4 Nc8 20. Rad1 a4 21. Ba2 Be8 22. Bd2 g5 23. d5 Bf7 24. Qe5 Qd6 25. Qxd6+ Nxd6 26. Bc3 Nde8 27. dxc6 Bxa2 28. cxb7 Rb8 29. Rxe8+ Kxe8 30. Bxf6 Rf8 31. Bg7 Rg8 32. Be5 Rxb7 33. Kf2 Ke7 34. Rd4 Rxb2 35. Rxa4 Rxc2+ 36. Kg3 Bc4 37. Ra7+ Ke6 38. Bd4 Bf1 39. Bf2 Rb8 40. Rh7 Rbb2 41. Rxh6+ Kf7 42. Bd4 Rxg2+ 43. Kh3 Rh2+ 44. Kg3 Rbg2# 0-1

[Event "January 2 Late 2024"]
[Site "https://www.chess.com"]
[Date "2024.01.02"]
[Round "9"]
[White "Jaiveer Mahendru"]
[Black "Espinoza Villanueva, Rodrigo"]
[Result "1-0"]
[Board "65"]
[TimeControl "180+1"]
[WhiteFideId "25611151"]
[BlackFideId "5140188"]
[WhiteElo "2508"]
[BlackElo "2637"]
[WhiteTeam "IND"]
[BlackTeam "MEX"]
[WhiteClock "0:00:10"]
[BlackClock "0:00:00"]

1. e4 e5 2. Nf3 Nc6 3. Bc4 Bc5 4. c3 Nf6 5. d3 a6 6. Nbd2 Ba7 7. Nf1 d6 8. Ng3 Ne7 9. Bg5 Ng6 10. Nh5 O-O 11. Nxf6+ gxf6 12. Bh6 Qe7 13. h4 Re8 14. h5 Nf4 15. Nh4 c6 16. Qf3 Kh8 17. Bxf4 exf4 18. Ng6+ fxg6 19. hxg6 d5 20. Rxh7+ Qxh7 21. gxh7 dxc4 22. Qxf4 Rf8 23. d4 Be6 24. O-O-O Rae8 25. Rh1 Bb8 26. Qh4 Rf7 27. g3 Ree7 28. f4 b5 29. Qh6 Bc7 30. Qg6 Rf8 31. f5 Bd7 32. Qh6 Rg7 33. g4 Rff7 34. Re1 Rxg4 35. e5 fxe5 36. dxe5 Rxf5 37. Rd1 Bxe5 38. Qh1 Be8 39. Rd8 Rf8 40. Qe1 Bf4+ 41. Kd1 1-0

[Event "January 2 Late 2024"]
[Site "https://www.chess.com"]
[Date "2024.01.02"]
[Round "9"]
[White "Garcia Almaguer, Juan Manuel"]
[Black "Ozates, Tuna"]
[Result "0-1"]
[Board "66"]
[TimeControl "180+1"]
[WhiteFideId "5110491"]
[BlackFideId "6354521"]
[WhiteElo "2496"]
[BlackElo "2635"]
[WhiteTeam "MEX"]
[BlackTeam "TUR"]
[WhiteClock "0:00:03"]
[BlackClock "0:00:45"]

1. e4 Nf6 2. Nc3 e5 3. Nf3 Nc6 4. Bb5 Bd6 5. Bxc6 dxc6 6. h3 c5 7. d3 h6 8. b3 Qe7 9. Bb2 Be6 10. Ne2 Nd7 11. Ng3 g6 12. Qd2 O-O-O 13. O-O-O f6 14. Kb1 b6 15. Qe2 a5 16. c3 a4 17. bxa4 Kb7 18. d4 exd4 19. cxd4 cxd4 20. Nxd4 Nc5 21. Nxe6 Qxe6 22. Qf3 Be5 23. Rd5 c6 24. Rxd8 Rxd8 25. a5 Rd3 26. Qe2 Bxb2 27. Qxb2 b5 28. Qc2 Qd6 29. Rc1 Na4 30. Nf1 Rc3 31. Qd2 Qb4+ 32. Ka1 Rxc1+ 33. Qxc1 Qd4+ 34. Kb1 Qxe4+ 35. Qc2 Qe1+ 36. Qc1 Qb4+ 37. Ka1 Qd4+ 38. Kb1 Nc3+ 39. Kc2 Nxa2 40. Qxh6 Nb4+ 41. Kc1 Qc3+ 42. Kd1 Qc2+ 43. Ke1 Nd3# 0-1

[Event "January 2 Late 2024"]
[Site "https://www.chess.com"]
[Date "2024.01.02"]
[Round "9"]
[White "Yagupov, Igor"]
[Black "Flynn, Jacob"]
[Result "0-1"]
[Board "67"]
[TimeControl "180+1"]
[WhiteFideId "4113632"]
[BlackFideId "2509393"]
[WhiteElo "2630"]
[BlackElo "2492"]
[WhiteTeam "RUS"]
[BlackTeam "IRL"]
[WhiteClock "0:00:04"]
[BlackClock "0:00:08"]

1. e4 e5 2. Nf3 Nc6 3. Bb5 a6 4. Ba4 Nf6 5. O-O Be7 6. d3 b5 7. Bb3 d6 8. a3 O-O 9. Nc3 Na5 10. Ba2 Be6 11. Nd5 Bxd5 12. exd5 c5 13. b4 Nb7 14. Nd2 a5 15. c3 cxb4 16. cxb4 axb4 17. axb4 Ra4 18. Qb3 Qa8 19. Bb2 Rc8 20. Nb1 Ra6 21. Nc3 Rb6 22. Bb1 Qb8 23. Ne4 Nd8 24. Ng3 Qb7 25. d4 Qxd5 26. Qxd5 Nxd5 27. dxe5 dxe5 28. Bxe5 Nxb4 29. Nf5 Bf8 30. Bxg7 Ne6 31. Bxf8 Kxf8 32. Ra7 Nd5 33. g3 Rbc6 34. Be4 R6c7 35. Rxc7 Ndxc7 36. Rc1 Rb8 37. Nd6 b4 38. Bxh7 b3 39. Nc4 Nd5 40. Bb1 Nd4 41. Rd1 Nc3 42. Rxd4 Ne2+ 43. Kf1 Nxd4 44. Ke1 Nf3+ 45. Ke2 Nxh2 46. Nb2 Ng4 47. f4 Nf6 48. Kd3 Nd5 49. Kc4 Ne3+ 50. Kc3 Nf1 51. g4 Ne3 52. g5 Nd5+ 53. Kd4 Nxf4 54. Nc4 Ne6+ 55. Kc3 Nxg5 56. Nd2 Ne6 57. Nxb3 Nc5 58. Bc2 Nxb3 59. Bxb3 Ke7 60. Bd5 Rb1 61. Kc2 Re1 62. Kd2 Re5 63. Bc4 Kf6 64. Kd3 Re7 65. Kd4 Kg5 66. Bb3 f5 67. Kd5 f4 68. Kd6 Re3 69. Bc4 f3 70. Kd5 f2 71. Kd4 Re1 72. Bb5 f1=Q 73. Bxf1 Rxf1 74. Ke3 Rf4 75. Ke2 Kf5 76. Ke3 Ke5 77. Kd3 Rg4 0-1

[Event "January 2 Late 2024"]
[Site "https://www.chess.com"]
[Date "2024.01.02"]
[Round "9"]
[White "Luo, Terry"]
[Black "Sukandar, Irine Kharisma"]
[Result "1-0"]
[Board "68"]
[TimeControl "180+1"]
[WhiteFideId "30931045"]
[BlackFideId "7101937"]
[WhiteElo "2617"]
[BlackElo "2490"]
[WhiteTeam "USA"]
[BlackTeam "INA"]
[WhiteClock "0:01:45"]
[BlackClock "0:00:22"]

1. d4 Nf6 2. Nc3 b6 3. e4 Bb7 4. e5 Ne4 5. Nf3 d6 6. e6 fxe6 7. Nxe4 Bxe4 8. Ng5 Bf5 9. g4 Bg6 10. Nxe6 Qd7 11. d5 c6 12. c4 Na6 13. Bg2 c5 14. O-O Nc7 15. f4 h5 16. f5 Bf7 17. g5 g6 18. Qd3 Rg8 19. Bd2 Bg7 20. Rae1 Bxe6 21. dxe6 Qc8 22. f6 1-0

[Event "January 2 Late 2024"]
[Site "https://www.chess.com"]
[Date "2024.01.02"]
[Round "9"]
[White "Gubajdullin, Alexei"]
[Black "Tikhonov, Viacheslav"]
[Result "1-0"]
[Board "69"]
[TimeControl "180+1"]
[WhiteFideId "4141202"]
[BlackFideId "44196407"]
[WhiteElo "2608"]
[BlackElo "2484"]
[WhiteTeam "RUS"]
[BlackTeam "RUS"]
[WhiteClock "0:00:41"]
[BlackClock "0:00:00"]

1. d4 Nf6 2. Nf3 d5 3. Bf4 e6 4. e3 Bd6 5. Bxd6 Qxd6 6. Nbd2 c5 7. c4 cxd4 8. Nxd4 Nc6 9. Nb5 Qe7 10. cxd5 exd5 11. Be2 a6 12. Nd4 Nxd4 13. exd4 O-O 14. O-O Bf5 15. Nb3 Rfe8 16. Bf3 h6 17. Re1 Qb4 18. Qd2 Qxd2 19. Nxd2 Rxe1+ 20. Rxe1 Rc8 21. Nb3 Rc2 22. Re2 Rxe2 23. Bxe2 Kf8 24. Nc5 Bc8 25. a4 a5 26. f3 b6 27. Nd3 Ba6 28. Nf4 Bxe2 29. Nxe2 Ke7 30. Kf2 Kd6 31. h4 g5 32. Ng3 Ke6 33. hxg5 hxg5 34. Ke3 Ne8 35. b3 Nd6 36. Ne2 Nf5+ 37. Kd3 Nh4 38. f4 Nxg2 39. fxg5 Kf5 40. Nc3 Nf4+ 41. Ke3 Kxg5 42. Nb5 f5 43. Nc7 Kg4 44. Na8 Kg3 45. Nxb6 Ng2+ 46. Kd2 f4 47. Nxd5 f3 48. Nc3 Nf4 49. d5 f2 50. Ne4+ Kg2 51. Nxf2 Kxf2 52. d6 Kf3 53. b4 axb4 54. a5 b3 55. d7 Ne6 56. a6 b2 57. Kc2 Ke4 58. a7 1-0

[Event "January 2 Late 2024"]
[Site "https://www.chess.com"]
[Date "2024.01.02"]
[Round "9"]
[White "Petre, Nad-Titus"]
[Black "Zavgorodniy, Sergiy"]
[Result "0-1"]
[Board "70"]
[TimeControl "180+1"]
[WhiteFideId "1204165"]
[BlackFideId "14110148"]
[WhiteElo "2480"]
[BlackElo "2600"]
[WhiteTeam "ROU"]
[BlackTeam "UKR"]
[WhiteClock "0:00:16"]
[BlackClock "0:01:56"]

1. e4 c6 2. d4 d5 3. exd5 cxd5 4. Bd3 Nc6 5. c3 Qc7 6. Ne2 Bg4 7. O-O Bh5 8. Qe1 e6 9. Na3 a6 10. Nc2 Bg6 11. Bf4 Bd6 12. Bxd6 Qxd6 13. Nc1 Nf6 14. Qe2 O-O 15. a4 Rab8 16. a5 Qc7 17. b4 Ne7 18. Ra3 Rbc8 19. Bxg6 Nxg6 20. Nd3 Ne4 21. Nc5 Nd6 22. g3 Nc4 23. Rb3 Ne7 24. Ne3 Nxe3 25. Qxe3 Nf5 26. Qe2 Nd6 27. h4 Nc4 28. f4 Rfe8 29. Kg2 Ra8 30. Rbb1 b6 31. axb6 Qxb6 32. h5 h6 33. g4 a5 34. g5 axb4 35. Rxb4 Qa5 36. Rf2 Qa1 37. Rb7 Qxc3 38. g6 fxg6 39. Nxe6 Ne3+ 40. Kh2 Rxe6 41. hxg6 Rxg6 0-1